 Dungeon Crawl Stone Soup version 0.31-a0-981-geadf994542 (webtiles) character file.

Game seed: 16990414175531537094

75455 jasper the Eclecticist (level 14, -1/88 HPs)
             Began as a Deep Elf Conjurer on Oct 31, 2023.
             Was the Champion of Jiyva.
             Slain by a boulder beetle (26 damage)
             ... on level 11 of the Dungeon.
             The game lasted 00:41:24 (14192 turns).

jasper the Eclecticist (Deep Elf Conjurer)         Turns: 14192, Time: 00:41:25

Health: -1/88      AC:  6    Str:  4    XL:     14   Next: 64%
Magic:  25/36      EV: 17    Int: 32    God:    Jiyva [******]
Gold:   258        SH:  5    Dex: 13    Spells: 3/45 levels left

rFire   + + .        M - staff of Contradiction {rF++ rC+ Int+3 Ice}
rCold   + . .        t - +0 buckler
rNeg    . . .        x - +0 steam dragon scales
rPois   .            s - +1 hat
rElec   .            f - +2 cloak
rCorr   +            (no gloves)
SInv    +            K - +0 pair of boots
Will    +....        (no amulet)
Stlth   ++           (no ring)
HPRegen 1.94/turn    (no ring)
MPRegen 0.75/turn

%: clarity
@: lethally poisoned (-1 -> -2), forested, corroded, very slightly contaminated
A: clarity, mutation resistance 1, wild magic 3, eyeballs 3, tendrils
}: 1/15 runes: slimy
a: Renounce Religion, Oozemancy, Slimify


You were on level 11 of the Dungeon.
You worshipped Jiyva.
Jiyva was exalted by your worship.
You visited 3 branches of the dungeon, and saw 21 of its levels.

You collected 493 gold pieces.
You spent 235 gold pieces at shops.

Inventory:

Hand Weapons
 b - a +0 short sword
 i - the +9 dagger of Res Nullius {freeze, rC+ rN+++ Will- Stlth-}
   (You found it on level 2 of the Dungeon)

   rC+:       It protects you from cold.
   rN+++:     It renders you almost immune to negative energy.
   Will-:     It decreases your willpower.
   Stlth-:    It makes you less stealthy.
 n - a +2 quarterstaff of chaos
Missiles
 v - a throwing net
Armour
 a - a +0 robe
 f - a +2 cloak (worn)
 g - a +2 tower shield
 o - a +0 cloak
 s - a +1 hat (worn)
 t - a +0 buckler (worn)
 x - +0 steam dragon scales (worn)
 y - +0 acid dragon scales
 z - a +1 pair of gloves
 B - an orb of guile
 D - a +2 robe of willpower
 K - a +0 pair of boots (worn)
Magical Staves
 M - the staff of Contradiction (weapon) {rF++ rC+ Int+3 Ice}
   (You found it on level 5 of the Pits of Slime)

   [staff of cold]

   Base accuracy: +5 Base damage: 5 Base attack delay: 1.2 This weapon's minimum
   attack delay (0.6) is reached at skill level 12.
   Int+3:     It affects your intelligence (+3).
   rF++:      It greatly protects you from fire.
   rC+:       It protects you from cold.
   Ice:       It increases the power of your Ice spells.
   It falls into the 'Staves' category.
   It is a one-handed weapon.
Jewellery
 E - an amulet of guardian spirit
 J - a ring of ice
 N - the amulet "Bauxtehe" {Faith rN+ Dex-3 Slay+3 Stlth+}
   (You found it on level 5 of the Pits of Slime)

   [amulet of faith]

   Faith:     It allows you to gain divine favour quickly.
   Dex-3:     It affects your dexterity (-3).
   Slay+3:    It affects your accuracy & damage with ranged weapons and melee
   (+3).
   rN+:       It protects you from negative energy.
   Stlth+:    It makes you more stealthy.
 Q - the ring of Kauddil {rF+ rN+ Str-4 Int+3}
   (You found it on level 5 of the Lair of Beasts)

   [ring of positive energy]

   Str-4:     It affects your strength (-4).
   Int+3:     It affects your intelligence (+3).
   rF+:       It protects you from fire.
   rN+:       It protects you from negative energy.
Wands
 m - a wand of flame (16)
 q - a wand of iceblast (1)
 A - a wand of charming (30)
 F - a wand of mindburst (2)
Scrolls
 c - 2 scrolls of fog
 j - 4 scrolls of vulnerability
 p - 5 scrolls of teleportation
 O - a scroll of poison
Potions
 d - a potion of heal wounds
 e - 2 potions of lignification
 h - 6 potions of curing
 k - 4 potions of mutation
 l - 5 potions of brilliance
 r - 2 potions of cancellation
 u - 2 potions of might
 w - a potion of haste
 C - a potion of ambrosia
 H - a potion of berserk rage {unknown}
 I - a potion of magic
Miscellaneous
 G - a phantom mirror


   Skills:
 - Level 10.2 Fighting
 - Level 14.3 Dodging
 - Level 2.4 Stealth
 - Level 5.7 Shields
 + Level 16.3 Spellcasting
 - Level 7.6 Conjurations
 - Level 6.0 Hexes
 - Level 12.6 Summonings
 - Level 4.0 Translocations
 - Level 2.1 Air Magic


You had 3 spell levels left.
You knew the following spells:

 Your Spells              Type           Power      Damage    Failure   Level
a - Magic Dart            Conj           100%       1d8       2%          1
b - Searing Ray           Conj           100%       2d8       3%          2
c - Fulminant Prism       Conj/Hex       46%        3d21      9%          4
d - Iskenderun's Mystic   Conj/Tloc      88%        2d17      12%         4
e - Passwall              Tmut/Erth      40%        N/A       16%         2
f - Swiftness             Air            66%        N/A       13%         3
g - Summon Guardian Gole  Hex/Summ       100%       N/A       3%          3
h - Orb of Destruction    Conj           48%        9d13      89%         7
i - Summon Mana Viper     Hex/Summ       100%       N/A       9%          5
j - Summon Forest         Summ/Tloc      50%        N/A       12%         5
k - Summon Cactus Giant   Summ           58%        N/A       11%         6

Your spell library contained the following spells:

 Spells                   Type           Power      Damage    Failure   Level
 Dazzling Flash           Conj/Hex       100%       N/A       4%          3
 Tukima's Dance           Hex            89%        N/A       5%          3
 Ensorcelled Hibernation  Hex/Ice        100%       N/A       8%          2
 Sting                    Tmut/Pois      100%       1d8       12%         1
 Volatile Blastmotes      Fire/Tloc      100%       2d18      14%         3
 Cause Fear               Hex            44%        N/A       11%         4
 Passage of Golubria      Tloc           78%        N/A       19%         4
 Anguish                  Hex/Necr       36%        N/A       24%         4
 Silence                  Hex/Air        39%        N/A       36%         5
 Yara's Violent Unravell  Hex/Tmut       36%        3d15      47%         5
 Spellforged Servitor     Conj/Summ      53%        N/A       63%         7
 Conjure Ball Lightning   Conj/Air       41%        3x3d13    75%         6
 Starburst                Conj/Fire      38%        6d11      86%         6
 Enfeeble                 Hex            44%        N/A       98%         7
 Maxwell's Capacitive Co  Air            33%        ∞         100%        8


Dungeon Overview and Level Annotations

Branches:
Dungeon (11/15)            Temple (0/1) D:5            Lair (5/5) D:10
 Shoals (0/4) Lair:3        Snake (0/4) Lair:2        Slime (5/5) Lair:5
    Orc: D:9-12

Altars:
Ashenzari
Cheibriados
Dithmenos
Elyvilon
Gozag
Hepliaklqana
Makhleb
Nemelex Xobeh
Qazlal
Sif Muna
Uskayaw
Vehumet
Wu Jian
Xom
Jiyva
Lugonu

Shops:
D:1 (   D:6 **   D:8 *

Portals:
Abyss: Lair:5


Innate Abilities, Weirdness & Mutations

You possess an exceptional clarity of mind.
You are somewhat resistant to further mutation.
Your spells are much harder to cast, but much more powerful.
Your body is covered in eyes which may confuse attackers. (Acc +7, SInv)
You are covered in slimy tendrils that may disarm your opponents.


Message History

The acid dragon seems less confused.
The boulder beetle curls into a ball and begins rolling!
The acid dragon barely misses you.
The acid dragon claws you but does no damage.
You take 9 damage, and have 36/88 hp.
You now have 33/36 mp.
You feel better.
You are engulfed in poison gas.
You are poisoned.
You feel sick. The acid dragon spits acid at you. The splash of acid hits you!
You resist. The swamp dragon misses you.
The eyeballs on your body gaze at the swamp dragon.
The swamp dragon misses you.
The eyeballs on your body gaze at the swamp dragon.
The swamp dragon tramples you but does no damage.
You hear a shout!
You take 4 damage, and have 32/88 hp.
Okay, then.
You feel sick.
You hear a distant slurping noise.
The acid dragon closely misses you. The acid dragon barely misses you.
You hear a distant slurping noise.
Casting: Iskenderun's Mystic Blast (dangerous; 12% risk of failure)
Confirm with . or Enter, or press ? or * to list all spells.
A forested plane collides here with a resounding crunch!
Your dryad calls out to the forest.
The forest starts to sway and rumble!
You feel sick. The acid dragon bites you. You block the acid dragon's attack.
You hear a distant slurping noise.
You take 4 damage, and have 28/88 hp.
You now have 30/36 mp.
Casting: Summon Forest (dangerous; 12% risk of failure)
Confirm with . or Enter, or press ? or * to list all spells.
You miscast Summon Cactus Giant.
Nothing appears to happen.
You feel sick.
A tree reaches out and hits the swamp dragon!
A tree reaches out but misses the acid dragon.
A tree reaches out and hits the boulder beetle!
The acid dragon spits acid at you. The splash of acid hits you. You resist.
* * * LOW HITPOINT WARNING * * *
The acid corrodes you! The boulder beetle hits you!!
You die...

.. ...#.##.......
..##♣♣#..♣.##.......
..>................
#..♣#..♣.##.......
#..♣<..♣.##.......
#...°..♣.##....... #
♣##.#...♣.##.......
#.♣.♣D○°°...°l...J...
#.♣.@B##.○#○######e##
♣.R..D....#.# #.#
♣♣#...♣#♣.♣.# #§##
♣.......#.# #§F#
♣...♣####.# ##§∆
♣...♣ #.# #.. ♣...♣
###.# .e. ♣♣.#♣ #...#
... #.####.### ..Y.


You could see a boulder beetle (rolling), a swamp dragon (confused, ally
target), an acid dragon and a friendly dryad (summoned).

Vanquished Creatures
  2 hydras (Lair:4)
  A catoblepas (Lair:5)
  Erica (D:8)
  A boulder beetle (D:11)
  2 two-headed ogres
  2 death yaks (Lair:5)
  4 thrashing horrors (Lair:5)
  A skyshark (Lair:5)
  2 large abominations (Lair:5)
  An ugly thing (Lair:5)
  A merfolk siren (Lair:3)
  An elephant (Lair:1)
  7 black mambas
  Psyche (D:8)
  11 cane toads
  Jeremiah (D:8)
  An unseen horror (D:6)
  4 komodo dragons
  A tengu conjurer (D:11)
  A rime drake (Lair:3)
  A meliai (D:11)
  2 trolls
  Grinder (D:4)
  13 blink frogs
  8 dream sheep (Lair:4)
  A raiju (Lair:5)
  A wraith (D:10)
  A ynoxinul (Lair:5)
  4 wyverns
  4 basilisks
  60 yaks
  Eustachio (D:5)
  A chaos spawn (Lair:5)
  A steam dragon (Lair:3)
  Menkaure (D:5)
  2 acid dragons
  13 water moccasins
  3 nameless horrors (Lair:5)
  3 orc warriors
  A black bear (D:5)
  3 ogres
  11 small abominations (Lair:5)
  3 wolves (Lair:2)
  3 centaurs
  Blork the orc (D:4)
  11 bullfrogs
  2 scorpions (D:5)
  5 wights (D:7)
  10 killer bees
  3 electric eels
  2 howler monkeys
  A lava snake (D:8)
  6 orc priests
  Crazy Yiuf (D:3)
  2 hounds
  A sleepcap (D:6)
  2 gnoll boudas
  3 iron imps (D:9)
  Jessica (D:3)
  2 iguanas (D:7)
  10 orc wizards
  Ijyb (D:4)
  9 gnolls
  12 adders
  A shadow imp (D:6)
  2 ufetubi (D:6)
  A worm (D:5)
  A dart slug (D:2)
  24 orcs
  8 endoplasms
  2 giant cockroaches
  5 goblins
  6 hobgoblins
  16 jackals (D:1)
  2 quokkas
  5 ball pythons
  3 bats
  2 frilled lizards (D:1)
  8 kobolds
  A rat (D:3)
360 creatures vanquished.

Vanquished Creatures (collateral kills)
  Gastronok (Lair:2)
  2 catoblepae
  A boulder beetle (Lair:1)
  7 death yaks
  Amaemon (Lair:2)
  3 skysharks
  A deep troll (Lair:1)
  A cyclops (D:11)
  5 elephants
  2 black mambas
  Maggie (D:10)
  An orange demon (Lair:2)
  2 smoke demons (Lair:5)
  A gargoyle (D:11)
  6 cane toads
  An efreet (D:11)
  5 komodo dragons
  A polar bear (Lair:1)
  A large abomination (Lair:5)
  6 blink frogs
  8 yaks
  A wyvern (Lair:2)
  2 basilisks
  3 water moccasins
  A nameless horror (Lair:1)
  2 wolves (Lair:2)
  2 bullfrogs
  An electric eel (Lair:2)
69 creatures vanquished.

Vanquished Creatures (others)
  A centaur warrior (D:11)
  A boulder beetle (Lair:4)
  An ugly thing (D:11)
  A deep elf pyromancer (D:11)
  A moth of wrath (shapeshifter) (Lair:5)
  An elephant (Lair:5)
  A gargoyle (D:11)
  2 trolls (D:11)
  A polar bear (shapeshifter) (D:11)
  2 slime creatures (D:11)
  A blink frog (Lair:5)
  A wyvern (D:10)
  A golden eye (shapeshifter) (Lair:5)
  A basilisk (Lair:5)
  7 yaks
  A vampire mosquito (D:11)
  A water moccasin (Lair:1)
  3 bullfrogs
  2 small abominations (Lair:5)
  2 wights (D:7)
  52 jellies
  A howler monkey (D:10)
  An orc priest (D:7)
  4 hounds
  An orc wizard (D:8)
  5 gnolls
  3 adders
  A dart slug (D:3)
  2 endoplasms
  6 orcs
  2 goblins (D:3)
  A kobold (D:4)
  A rat (D:3)
  99 fulminant prisms
  3 snaplasher vines (Lair:5)
214 creatures vanquished.

Grand Total: 643 creatures vanquished

Notes
Turn   | Place    | Note
-------+----------+-------------------------------------------
     0 | D:1      | jasper the Deep Elf Conjurer began the quest for the Orb.
     0 | D:1      | Reached XP level 1. HP: 10/10 MP: 6/6
   113 | D:1      | Got Inatoida's Folio of Intoxication and Ozone
   173 | D:1      | Reached XP level 2. HP: 15/15 MP: 1/8
   195 | D:1      | Learned a level 2 spell: Searing Ray
   221 | D:1      | Reached skill level 4 in Spellcasting
   336 | D:1      | Found Ivvuizi's Weapon Emporium.
   443 | D:1      | Reached skill level 5 in Conjurations
   582 | D:1      | Reached XP level 3. HP: 19/19 MP: 8/10
   970 | D:2      | Reached XP level 4. HP: 5/24 MP: 3/12
   975 | D:2      | Learned a level 4 spell: Fulminant Prism
   980 | D:2      | Learned a level 4 spell: Iskenderun's Mystic Blast
  1161 | D:2      | Reached skill level 1 in Hexes
  1218 | D:2      | Reached skill level 1 in Translocations
  1411 | D:2      | Identified the +9 dagger of Res Nullius {freeze, rC+ rN+++
                  | Will- Stlth-}
  1547 | D:2      | Found a faded altar of an unknown god.
  1554 | D:2      | Prayed at the altar of an unknown god.
  1554 | D:2      | Became a worshipper of Jiyva Jyng the Shapeless
  1554 | D:2      | Reached * piety under Jiyva
  1697 | D:3      | Reached XP level 5. HP: 28/28 MP: 10/13
  1870 | D:3      | Noticed Jessica
  1874 | D:3      | Killed Jessica
  1880 | D:3      | Reached ** piety under Jiyva
  1881 | D:3      | Found a shimmering blue altar of Sif Muna.
  1927 | D:3      | Found a broken altar of Ashenzari.
  2060 | D:3      | Found a hide-covered altar of Uskayaw.
  2105 | D:3      | Found a runed translucent door.
  2106 | D:3      | Noticed Crazy Yiuf
  2114 | D:3      | Killed Crazy Yiuf
  2264 | D:4      | Found an ornate altar of the Wu Jian Council.
  2266 | D:4      | Noticed Blork the orc
  2277 | D:4      | Killed Blork the orc
  2278 | D:4      | Reached XP level 6. HP: 24/32 MP: 6/14
  2334 | D:4      | Learned a level 2 spell: Passwall
  2357 | D:4      | Noticed Ijyb
  2365 | D:4      | Killed Ijyb
  2508 | D:4      | Reached *** piety under Jiyva
  2508 | D:4      | Gained mutation: You have a pair of small horns on your
                  | head. [Jiyva's grace]
  2508 | D:4      | Gained mutation: You have a pair of horns on your head.
                  | [Jiyva's grace]
  2508 | D:4      | Gained mutation: You have a pair of large horns on your
                  | head. [Jiyva's grace]
  2508 | D:4      | Gained mutation: You possess an exceptional clarity of
                  | mind. [Jiyva's grace]
  2650 | D:4      | Noticed Grinder
  2651 | D:4      | Paralysed by Grinder for 4 turns
  2661 | D:4      | Killed Grinder
  2662 | D:4      | Reached skill level 5 in Hexes
  2923 | D:4      | Identified a scroll of acquirement
  2923 | D:4      | Acquired a book of Dangerous Friends
  2979 | D:5      | Entered Level 5 of the Dungeon
  3016 | D:5      | Noticed Eustachio
  3036 | D:5      | Killed Eustachio
  3037 | D:5      | Reached skill level 5 in Spellcasting
  3037 | D:5      | Reached XP level 7. HP: 36/36 MP: 2/16
  3041 | D:5      | Learned a level 3 spell: Swiftness
  3207 | D:5      | Noticed Menkaure
  3234 | D:5      | Reached skill level 1 in Fighting
  3242 | D:5      | Killed Menkaure
  3427 | D:5      | Found a staircase to the Ecumenical Temple.
  3500 | D:5      | Reached **** piety under Jiyva
  3533 | D:6      | Reached skill level 6 in Spellcasting
  3533 | D:6      | Reached XP level 8. HP: 44/44 MP: 14/19
  3537 | D:6      | Learned a level 3 spell: Summon Guardian Golem
  3619 | D:6      | Found a snail-covered altar of Cheibriados.
  3622 | D:6      | Found Fiewam's Assorted Antiques.
  3628 | D:6      | Bought 2 metallic pink potions for 61 gold pieces
  3628 | D:6      | Bought a scroll labelled HESEZOU HAZI for 34 gold pieces
  3628 | D:6      | Bought a scroll labelled HESEZOU HAZI for 34 gold pieces
  3693 | D:6      | Found an opulent altar of Gozag.
  3856 | D:6      | Found Waorueme's Assorted Antiques.
  3863 | D:6      | Bought a scroll labelled MUFRUTT ADEM for 32 gold pieces
  3863 | D:6      | Bought a scroll labelled CAPHAOLAMI for 32 gold pieces
  4262 | D:6      | Killed an unseen horror
  4263 | D:6      | Reached skill level 5 in Dodging
  4263 | D:6      | Reached skill level 7 in Spellcasting
  4363 | D:7      | Reached ***** piety under Jiyva
  4371 | D:7      | Found a sparkling altar of Nemelex Xobeh.
  4396 | D:7      | Gained mutation: You have acidic saliva. [Jiyva's grace]
  4396 | D:7      | Gained mutation: You expend magic power (3 MP) to
                  | strengthen your wands. [Jiyva's grace]
  4396 | D:7      | Gained mutation: You are partially covered in iridescent
                  | scales. (AC +2) [Jiyva's grace]
  4396 | D:7      | Gained mutation: You are mostly covered in iridescent
                  | scales. (AC +4) [Jiyva's grace]
  4432 | D:7      | Found a shadowy altar of Dithmenos.
  4463 | D:7      | Reached skill level 8 in Spellcasting
  4657 | D:7      | Reached XP level 9. HP: 52/52 MP: 18/23
  4810 | D:7      | Reached skill level 1 in Shields
  4833 | D:7      | Found a hazy altar of Hepliaklqana.
  5119 | D:8      | Found a stormy altar of Qazlal.
  5163 | D:8      | Found Pezxocot's General Store.
  5186 | D:8      | Noticed Jeremiah
  5196 | D:8      | Killed Jeremiah
  5299 | D:8      | Noticed Erica
  5300 | D:8      | Noticed a two-headed ogre
  5312 | D:8      | Killed a two-headed ogre
  5313 | D:8      | Reached skill level 5 in Shields
  5321 | D:8      | Killed Erica
  5322 | D:8      | Reached XP level 10. HP: 45/58 MP: 4/24
  5583 | D:8      | Noticed Psyche
  5592 | D:8      | Killed Psyche
  5593 | D:8      | Reached skill level 9 in Spellcasting
  5909 | D:8      | Reached ****** piety under Jiyva
  6069 | D:8      | Bought a scroll of teleportation for 42 gold pieces
  6181 | D:9      | Found a shimmering altar of Xom.
  6229 | D:9      | Found a white marble altar of Elyvilon.
  6268 | D:9      | Lost mutation: You have a pair of large horns on your head.
                  | [Jiyva's grace]
  6268 | D:9      | Lost mutation: You are mostly covered in iridescent scales.
                  | (AC +4) [Jiyva's grace]
  6268 | D:9      | Lost mutation: You expend magic power (3 MP) to strengthen
                  | your wands. [Jiyva's grace]
  6268 | D:9      | Gained mutation: A frigid envelope surrounds you and
                  | freezes all who hurt you. [Jiyva's grace]
  6268 | D:9      | Gained mutation: You expend magic power (3 MP) to
                  | strengthen your wands. [Jiyva's grace]
  6268 | D:9      | Gained mutation: You are somewhat resistant to further
                  | mutation. [Jiyva's grace]
  6268 | D:9      | Gained mutation: You are somewhat resistant to both further
                  | mutation and mutation removal. [Jiyva's grace]
  6277 | D:9      | Learned a level 7 spell: Orb of Destruction
  6375 | D:9      | Reached skill level 5 in Fighting
  6473 | D:9      | Noticed a two-headed ogre
  6481 | D:9      | Killed a two-headed ogre
  6482 | D:9      | Reached skill level 10 in Spellcasting
  6773 | D:9      | Found a burning altar of Makhleb.
  6961 | D:10     | Entered Level 10 of the Dungeon
  7008 | D:10     | Noticed Maggie
  7017 | D:10     | Killed Maggie
  7018 | D:10     | Reached skill level 11 in Spellcasting
  7104 | D:10     | Found a radiant altar of Vehumet.
  7180 | D:10     | Reached skill level 12 in Spellcasting
  7183 | D:10     | Reached XP level 11. HP: 47/64 MP: 15/29
  7219 | D:10     | Learned a level 5 spell: Summon Mana Viper
  7484 | D:10     | Found a staircase to the Lair.
  7492 | D:10     | Lost mutation: You have a pair of horns on your head.
                  | [Jiyva's grace]
  7492 | D:10     | Lost mutation: You are partially covered in iridescent
                  | scales. (AC +2) [Jiyva's grace]
  7492 | D:10     | Lost mutation: A frigid envelope surrounds you and freezes
                  | all who hurt you. [Jiyva's grace]
  7492 | D:10     | Gained mutation: You have a small jelly attached to you
                  | that senses nearby items. [Jiyva's grace]
  7492 | D:10     | Gained mutation: Your rubbery body absorbs attacks. (AC +1,
                  | EV +1) [Jiyva's grace]
  7492 | D:10     | Gained mutation: Your pliable body absorbs attacks. (AC +2,
                  | EV +2) [Jiyva's grace]
  7492 | D:10     | Gained mutation: Your gelatinous body deflects attacks. (AC
                  | +3, EV +3) [Jiyva's grace]
  7780 | D:11     | Reached skill level 1 in Summonings
  7876 | D:11     | Killed a cyan ugly thing
  7931 | D:11     | Noticed a centaur warrior
  7932 | D:11     | Noticed a boulder beetle
  7940 | D:11     | Killed a centaur warrior
  7941 | D:11     | Reached skill level 5 in Summonings
  7978 | D:11     | Killed a boulder beetle
  8138 | D:11     | Noticed a deep elf pyromancer
  8158 | D:11     | Killed a deep elf pyromancer
  8201 | Gauntlet | Identified the "Noluwk"
  8201 | Lair:1   | Entered Level 1 of the Lair of Beasts
  8466 | Lair:1   | Reached XP level 12. HP: 71/71 MP: 24/30
  8479 | Lair:1   | Reached skill level 10 in Dodging
  8479 | Lair:1   | Reached skill level 13 in Spellcasting
  8489 | Lair:1   | Learned a level 5 spell: Summon Forest
  8779 | Lair:1   | Noticed a boulder beetle
  8788 | Lair:1   | Killed a boulder beetle
  9149 | Lair:2   | Noticed Gastronok
  9161 | Lair:2   | Killed Gastronok
  9312 | Lair:2   | Reached skill level 14 in Spellcasting
  9422 | Lair:2   | Found a staircase to the Snake Pit.
  9547 | Lair:2   | Noticed Amaemon
  9561 | Lair:2   | Killed Amaemon
  9604 | Lair:2   | Reached XP level 13. HP: 54/78 MP: 23/33
  9642 | Lair:2   | Lost mutation: You are somewhat resistant to both further
                  | mutation and mutation removal. [Jiyva's grace]
  9642 | Lair:2   | Lost mutation: You have acidic saliva. [Jiyva's grace]
  9642 | Lair:2   | Lost mutation: Your gelatinous body deflects attacks. (AC
                  | +3, EV +3) [Jiyva's grace]
  9642 | Lair:2   | Lost mutation: Your pliable body absorbs attacks. (AC +2,
                  | EV +2) [Jiyva's grace]
  9642 | Lair:2   | Gained mutation: Your body has grown eyes which may confuse
                  | attackers. (Acc +3) [Jiyva's grace]
  9642 | Lair:2   | Gained mutation: Your body has grown many eyes which may
                  | confuse attackers. (Acc +5) [Jiyva's grace]
  9642 | Lair:2   | Gained mutation: Your body is covered in eyes which may
                  | confuse attackers. (Acc +7, SInv) [Jiyva's grace]
  9642 | Lair:2   | Gained mutation: Your spells are a little harder to cast,
                  | but a little more powerful. [Jiyva's grace]
 10411 | Lair:3   | Found a staircase to the Shoals.
 10536 | Lair:3   | Reached skill level 15 in Spellcasting
 10555 | Lair:3   | Learned a level 6 spell: Summon Cactus Giant
 11585 | Lair:4   | Reached skill level 10 in Summonings
 12168 | Lair:5   | Entered Level 5 of the Lair of Beasts
 12338 | Lair:5   | Reached XP level 14. HP: 87/87 MP: 24/35
 12470 | Lair:5   | Lost mutation: You have a pair of small horns on your head.
                  | [Jiyva's grace]
 12470 | Lair:5   | Lost mutation: Your spells are a little harder to cast, but
                  | a little more powerful. [Jiyva's grace]
 12470 | Lair:5   | Lost mutation: Your rubbery body absorbs attacks. (AC +1,
                  | EV +1) [Jiyva's grace]
 12470 | Lair:5   | Lost mutation: You have a small jelly attached to you that
                  | senses nearby items. [Jiyva's grace]
 12470 | Lair:5   | Lost mutation: You expend magic power (3 MP) to strengthen
                  | your wands. [Jiyva's grace]
 12470 | Lair:5   | Gained mutation: You are covered in slimy tendrils that may
                  | disarm your opponents. [Jiyva's grace]
 12470 | Lair:5   | Gained mutation: Your spells are a little harder to cast,
                  | but a little more powerful. [Jiyva's grace]
 12470 | Lair:5   | Gained mutation: Your spells are harder to cast, but more
                  | powerful. [Jiyva's grace]
 12470 | Lair:5   | Gained mutation: Your spells are much harder to cast, but
                  | much more powerful. [Jiyva's grace]
 12511 | Lair:5   | Reached skill level 10 in Fighting
 12824 | Lair:5   | Found a staircase to the Slime Pits.
 12824 | Lair:5   | Found a viscous altar of Jiyva.
 12906 | Shoals:3 | Identified the "Catucoch"
 12906 | Crypt:3  | Identified the "Hynefism"
 12906 | Crypt:3  | Identified the "Liopidie"
 12906 | Depths:4 | Identified the "Zaovant"
 12906 | Elf:1    | Identified the of Suaddoun
 12906 | Elf:3    | Identified the "Esteelung"
 12906 | Zot:2    | Identified the of Kiutef
 12906 | Slime:1  | Entered Level 1 of the Pits of Slime
 12906 | Slime:1  | Noticed an acid blob
 12906 | Slime:1  | Noticed an acid blob
 12906 | Slime:1  | Noticed a rockslime
 12922 | Slime:4  | Noticed an acid blob
 12929 | Slime:5  | Entered Level 5 of the Pits of Slime
 12929 | Slime:5  | Noticed a quicksilver ooze
 12973 | Slime:5  | Noticed an acid blob
 12975 | Slime:5  | Noticed an acid blob
 13017 | Slime:5  | Noticed a quicksilver ooze
 13018 | Slime:5  | Noticed a quicksilver ooze
 13020 | Slime:5  | Noticed an acid blob
 13020 | Slime:5  | Noticed an acid blob
 13020 | Slime:5  | Noticed an acid blob
 13021 | Slime:5  | Noticed a rockslime
 13022 | Slime:5  | Noticed an acid blob
 13027 | Slime:5  | Found a viscous altar of Jiyva.
 13028 | Slime:5  | Noticed a quicksilver ooze
 13031 | Slime:5  | Identified the staff of Contradiction {rF++ rC+ Int+3 Ice}
 13037 | Slime:5  | Noticed an acid blob
 13046 | Slime:5  | Noticed an acid blob
 13055 | Slime:5  | Noticed an acid blob
 13059 | Slime:5  | Identified the amulet "Bauxtehe" {Faith rN+ Dex-3 Slay+3
                  | Stlth+}
 13069 | Slime:5  | Noticed an acid blob
 13071 | Slime:5  | Noticed an acid blob
 13087 | Slime:5  | Got a slimy rune of Zot
 13107 | Slime:5  | Identified the +3 orcbow of Tulaucupe {drain, Fly}
 13116 | Slime:5  | Noticed a quicksilver ooze
 13131 | Slime:5  | Identified the +7 lajatang of Temperance {antimagic, rC++
                  | rN+ Str-5 Int+2}
 13150 | Slime:5  | Noticed a rockslime
 13153 | Slime:5  | Noticed a rockslime
 13172 | Slime:5  | Noticed a formless jellyfish
 13174 | Slime:5  | Noticed a formless jellyfish
 13174 | Slime:5  | Noticed a formless jellyfish
 13174 | Slime:5  | Noticed an acid blob
 13180 | Slime:5  | Noticed an azure jelly
 13193 | Slime:5  | Noticed an acid blob
 13296 | Slime:5  | Noticed a rockslime
 13758 | Lair:5   | Reached skill level 16 in Spellcasting
 13809 | Lair:5   | Found a corrupted altar of Lugonu.
 13809 | Lair:5   | Found a one-way gate to the infinite horrors of the Abyss.
 13821 | Lair:5   | Identified the ring of Kauddil {rF+ rN+ Str-4 Int+3}
 14192 | D:11     | Slain by a boulder beetle

Illustrated notes

Levels and vault maps discovered:
D:1:      ncdulo_watergridlock, layout_rooms, serial_shops, shop,
          hex_intersection
D:2:      layout_rooms, dilly_ecumenical_altar_fadedgnrine
D:3:      layout_rooms, tgw_sif, evilmike_ruin_ashenzari,
          mainiacjoe_overflow_alcove_2, kennysheep_cross_room,
          chequers_serial_rivers_marsh, uniq_crazy_yiuf_cottage
D:4:      layout_cave_pods, nicolae_wu_jian_wuxing_cycle,
          minmay_misc_feat_four_crosses, uniq_blork_the_orc, uniq_ijyb,
          uniq_grinder
D:5:      layout_rooms, minmay_temple_entry_statues_fountains, uniq_eustachio,
          uniq_menkaure
D:6:      layout_basic, grunt_temple_overflow_open, serial_shops,
          nicolae_shop_temple_entry_statues_fountains, shop
D:7:      layout_gridville, nicolae_dithmenos_the_darkroom, kennysheep_mini,
          overflow_temple_1_default
D:8:      layout_basic, mainiacjoe_overflow_24_doors,
          nicolae_inconvenience_store, uniq_erica, uniq_psyche, uniq_jeremiah
D:9:      layout_irregular_city, demons_altar, nicolae_overflow_squiral,
          minivault_23
D:10:     layout_basic, vehumet_crystals, minmay_lair_entry_grove,
          minmay_misc_feat_plants, uniq_maggie
D:11:     minmay_bloctagon, layout_basic, hangedman_feature_mirror,
          elyvilon_altar_4
Lair:1:   dreamdust_cave_troll, layout_regular_city, grunt_megastairs_5
Lair:2:   layout_layer_cave, minmay_snake_entry_six_corridors,
          chequers_serial_rivers_micro_c, serial_bayou_shore_a, uniq_amaemon,
          uniq_gastronok
Lair:3:   layout_loops_ring, minmay_shoals_entry_lonely_mermaid,
          kennysheep_catoblepas_arena, serial_bayou_shore_b, grunt_megastairs_1,
          serial_bayou_shore_b
Lair:4:   layout_big_grid, hellmonk_talismancer, grunt_megastairs_2
Lair:5:   hellmonk_lair_end_abyssal_woods, layout_regular_city, slime_entry_1
Slime:1:  layout_caves
Slime:2:  layout_caves
Slime:3:  layout_caves
Slime:4:  layout_caves
Slime:5:  slime_pit_nicolae_trefoil

Skill      XL: |  1  2  3  4  5  6  7  8  9 10 11 12 13 14 |
---------------+-------------------------------------------+-----
Spellcasting   | 4 5 6 8 12 14 15 16 | 16.3
Conjurations   | 5 6 7 |  7.6
Hexes          | 2 4 6 |  6.0
Translocations | 1 3 4 |  4.0
Air Magic      | 2 |  2.1
Fighting       | 1 3 4 5 6 8 9 10 | 10.2
Dodging        | 3 6 8 9 11 13 14 | 14.3
Shields        | 5 |  5.7
Summonings     | 8 11 12 | 12.6
Stealth        | |  2.4

Action                     |  1- 3 |  4- 6 |  7- 9 | 10-12 | 13-15 || total
---------------------------+-------+-------+-------+-------+-------++-------
  Melee: Short sword       |     6 |       |       |       |       ||     6
         Unarmed           |     3 |       |       |       |       ||     3
         Dagger            |       |       |     7 |    83 |   125 ||   215
         Headbutt          |       |       |     1 |    11 |    34 ||    46
         Bite              |       |       |     1 |     8 |       ||     9
         Staff             |       |       |       |       |    17 ||    17
   Cast: Magic Dart        |    52 |    66 |    59 |    29 |    10 ||   216
         Searing Ray       |     7 |    15 |    25 |    24 |    20 ||    91
         Fulminant Prism   |       |     3 |    13 |    48 |    35 ||    99
         Iskenderun's Myst |       |       |    16 |    46 |    71 ||   133
         Summon Guardian G |       |       |       |    11 |     5 ||    16
         Summon Mana Viper |       |       |       |     5 |    13 ||    18
         Summon Forest     |       |       |       |     3 |     9 ||    12
         Summon Cactus Gia |       |       |       |       |     5 ||     5
  Evoke: Wand              |       |       |       |     5 |    14 ||    19
    Use: Potion            |     1 |       |       |     1 |     1 ||     3
         Scroll            |     1 |     5 |     5 |     7 |     2 ||    20
   Stab: Confused          |       |       |       |       |     5 ||     5
         Petrified         |       |       |       |       |     4 ||     4
         Distracted        |       |       |       |       |     1 ||     1
 Armour: Robe              |    18 |     7 |    39 |    30 |       ||    94
         Steam dragon scal |       |       |       |    77 |   168 ||   245
  Dodge: Dodged            |    19 |    10 |    29 |   105 |   152 ||   315
  Block: Buckler           |       |       |     3 |    39 |    57 ||    99

Table legend: (Time is in decaauts)
 A = Elapsed time spent in this place.
 B = Non-inter-level travel time spent in this place.
 C = Inter-level travel time spent in this place.
 D = Time resting spent in this place.
 E = Time spent auto-exploring this place.
 F = Levels seen in this place.
 G = Mean time per level.
                   A        B        C        D        E       F      G
               +--------+--------+--------+--------+--------+-----+--------+
         Total |  14269 |  13426 |    843 |    619 |  10053 |  21 |  679.5 |
       Dungeon |   8279 |   7922 |    357 |    589 |   5974 |  11 |  752.6 |
          Lair |   5530 |   5124 |    406 |     30 |   3783 |   5 | 1106.0 |
    Slime Pits |    459 |    379 |     80 |      0 |    295 |   5 |   91.8 |
               +--------+--------+--------+--------+--------+-----+--------+

Top non-repeatable levels by time:
  Lair:5: 1306 daAuts
  Lair:2: 1237 daAuts
     D:8: 1067 daAuts
  Lair:3: 1053 daAuts
     D:1: 996 daAuts
  Lair:1: 970 daAuts
  Lair:4: 962 daAuts
    D:10: 862 daAuts
     D:7: 845 daAuts
     D:9: 839 daAuts
     D:4: 811 daAuts
     D:6: 709 daAuts
     D:2: 614 daAuts
     D:3: 566 daAuts
     D:5: 541 daAuts
